 Dungeon Crawl Stone Soup version 0.17-a0-1596-g1e86911 (webtiles) character file.

7043 carl the Grappler (level 10, -1/88 HPs)
             Began as a Troll Monk on July 31, 2015.
             Was a High Priest of Cheibriados.
             Slain by a five-headed hydra (7 damage)
             ... on level 2 of the Lair of Beasts.
             The game lasted 00:17:15 (7145 turns).

carl the Grappler (Troll Monk)                      Turns: 7145, Time: 00:17:16

Health: -1/88      AC:  8    Str: 34    XL:     10   Next: 83%
Magic:  4/9        EV: 18    Int: 22    God:    Cheibriados [*****.]
Gold:   533        SH: 14    Dex: 26    Spells: 0 memorised, 9 levels left

rFire  + + .     SeeInvis .       - Unarmed
rCold  . . .     Clarity  .     A - +1 robe of Pukhlav {rF++ rN+ Regen+ Dex-2}
rNeg   + . .     SustAt   .     C - +0 shield
rPois  +         Gourm    +     (helmet restricted)
rElec  .         Spirit   .     o - +1 cloak
rCorr  .         Warding  .     (gloves unavailable)
rMut   .         Stasis   .     (boots unavailable)
MR     .....                    (no amulet)
Stlth  ++........               l - +3 ring of dexterity
                                g - ring of poison resistance

@: very slow, not resistant to hostile enchantments, unstealthy
A: unfitting armour, claws 3, fast metabolism 3, gourmand, regeneration 2,
shaggy fur 1, tough skin 2
a: Bend Time, Temporal Distortion, Slouch, Step From Time, Renounce Religion


You were on level 2 of the Lair of Beasts.
You worshipped Cheibriados.
Cheibriados was extremely pleased with you.
You were very full.

You visited 2 branches of the dungeon, and saw 10 of its levels.

You collected 591 gold pieces.
You spent 58 gold pieces at shops.

Inventory:

Armour
 a - a +0 robe
 o - a +1 cloak (worn)
 A - the +1 robe of Pukhlav (worn) {rF++ rN+ Regen+ Dex-2}
   (You found it on level 5 of the Dungeon)

   It affects your dexterity (-2).
   It greatly protects you from fire.
   It protects you from negative energy.
   It increases your rate of regeneration.
 C - a +0 shield (worn)
Jewellery
 g - a ring of poison resistance (left claw)
 l - a +3 ring of dexterity (right claw)
 z - an uncursed ring of protection from fire
 F - an uncursed ring of invisibility
Magical devices
 k - a wand of digging (10)
 q - a wand of paralysis (12)
 v - a wand of lightning (0)
 J - a wand of teleportation (5)
Scrolls
 e - 2 scrolls of teleportation
 f - 2 scrolls of recharging
 m - a scroll of blinking
 n - a scroll of fog
 r - 2 scrolls of enchant weapon
 w - a scroll of magic mapping
 y - a scroll of vulnerability {unknown}
 B - a scroll of enchant armour {unknown}
 G - a scroll of remove curse {unknown}
 H - a scroll of identify
 L - 2 scrolls of amnesia {unknown}
Potions
 h - a potion of heal wounds
 s - a potion of brilliance
 t - a potion of flight
 x - a potion of agility
 D - a potion of curing
 M - a potion of invisibility {unknown}
Books
 p - a book of Maledictions

   Spells                             Type                      Level
   a - Corona                         Hexes                        1
   b - Ensorcelled Hibernation        Hexes/Ice                    2
   c - Confuse                        Hexes                        3
   d - Tukima's Dance                 Hexes                        3
   e - Dazzling Spray                 Conjuration/Hexes            3
 u - a book of the Warp

   Spells                             Type                      Level
   a - Recall                         Summoning/Translocation      3
   b - Gell's Gravitas                Hexes/Translocation          3
   c - Force Lance                    Conjuration/Translocation    4
   d - Phase Shift                    Translocation                5
   e - Warp Weapon                    Charms/Translocation         5
   f - Summon Forest                  Summoning/Translocation      5
 E - an Akashic Record

   Spells                             Type                      Level
   a - Dispersal                      Translocation                6
   b - Controlled Blink               Translocation                7
   c - Malign Gateway                 Summoning/Translocation      7
   d - Disjunction                    Translocation                8
 I - a book of Envenomations

   Spells                             Type                      Level
   a - Spider Form                    Transmutation/Poison         3
   b - Alistair's Intoxication        Transmutation/Poison         4
   c - Olgreb's Toxic Radiance        Poison                       4
   d - Poisonous Cloud                Conjuration/Poison/Air       6
Miscellaneous
 K - a legendary deck of defence
Comestibles
 b - 10 bread rations
 c - 9 slices of pizza
 d - 2 meat rations
 j - 4 beef jerkies


   Skills:
 - Level 2.4 Fighting
 - Level 7.9 Dodging
 - Level 1.1 Stealth
 + Level 9.2 Shields
 - Level 10.0 Unarmed Combat


You had 9 spell levels left.
You didn't know any spells.

Dungeon Overview and Level Annotations

Branches:
Dungeon (8/15)             Temple (0/1) D:5            Lair (2/8) D:8

Altars:
Cheibriados
Dithmenos
Kikubaaqudgha
Makhleb
Qazlal
Ru
The Shining One

Shops:
D:5 (   D:7 [

Annotations:
D:3 cmdexe's ghost, average HOSk


Innate Abilities, Weirdness & Mutations

You are too large for most types of armour.
You have claws for hands.
Your metabolism is lightning-fast.
You like to eat raw meat.
You heal very quickly.
You are covered in fur (AC +1).
You have very tough skin (AC +2).


Message History

Evoke which item? (* to show all) (? for menu, Esc to quit)
Zapping:
v - a wand of lightning {zapped: 6} (will waste charges)
Press: ? - help, Shift-Dir - straight line, f/p - five-headed hydra
Aim: a five-headed hydra (heavily wounded) Nothing appears to happen.
The five-headed hydra bites you! The five-headed hydra bites you!
You block the five-headed hydra's attack. x2
The five-headed hydra bites you!
Evoke which item? (* to show all) (? for menu, Esc to quit)
Zapping:
q - a wand of paralysis (will waste charges)
Press: ? - help, Shift-Dir - straight line, f/p - five-headed hydra
Aim: a five-headed hydra (heavily wounded, chance to defeat MR: 15%)
The five-headed hydra resists with almost no effort.
Evoking this partially-identified wand wasted a few charges.
The five-headed hydra bites you. The five-headed hydra bites you!
* * * LOW HITPOINT WARNING * * *
The five-headed hydra bites you!
* * * LOW HITPOINT WARNING * * *
The five-headed hydra bites you!
You die...

....###..##..PP........P#
........................#
....##P.####..#.#..##.##
....###..# #.##..#..#
..... ........#.##.##
................##..#
...)..........#.##.##
..............#.#..P#
..............PD@..##
........#.# ..........#
.....#..... ##......P...
#...#..##... ... ... ..P#
.##..>. .<##


You could see a five-headed hydra.

Vanquished Creatures
  A komodo dragon (Lair:1)
  Grinder (D:4)
  Sigmund (D:4)
  A human (D:8)
  A hippogriff (Lair:1)
  16 yaks
  Edmund (D:4)
  4 water moccasins
  An orc warrior (D:6)
  3 ice beasts
  A phantom (D:8)
  A sky beast (D:7)
  A necrophage (D:7)
  3 centaurs
  5 ogres
  5 giant frogs
  3 scorpions
  9 wights
  2 centaur zombies (D:5)
  2 giant frog zombies
  3 crimson imps (D:5)
  2 hounds
  A centaur skeleton (D:5)
  An orc priest (D:5)
  3 giant frog skeletons
  5 iguanas
  5 worker ants
  4 orc wizards
  4 sheep (D:8)
  5 river rats
  4 gnolls (D:7)
  11 adders
  2 shadow imps
  An adder skeleton (D:4)
  4 worms
  8 orcs
  A ball python (D:1)
  10 bats
  2 giant cockroaches
  7 goblins
  A hobgoblin (D:2)
  13 jackals
  5 kobolds
  7 quokkas
  3 giant geckos
  3 giant newts
  A quokka skeleton (D:5)
  11 rats
  A fungus (D:2)
190 creatures vanquished.

Vanquished Creatures (others)
  3 fungi (Lair:1)
3 creatures vanquished.

Grand Total: 193 creatures vanquished

Notes
Turn   | Place    | Note
--------------------------------------------------------------
     0 | D:1      | carl the Troll Monk began the quest for the Orb.
     0 | D:1      | Reached XP level 1. HP: 22/22 MP: 0/0
   158 | D:1      | Reached XP level 2. HP: 29/29 MP: 1/1
   626 | D:2      | Reached skill level 5 in Unarmed Combat
   626 | D:2      | Reached XP level 3. HP: 36/36 MP: 2/2
   894 | D:2      | Found a snail-covered altar of Cheibriados.
  1163 | D:3      | Noticed cmdexe's ghost (average HOSk)
  1231 | D:2      | Reached XP level 4. HP: 26/44 MP: 3/3
  1847 | D:2      | Became a worshipper of Cheibriados the Contemplative
  1847 | D:2      | Acquired Cheibriados's first power
  1970 | D:4      | Reached skill level 6 in Unarmed Combat
  1995 | D:4      | Noticed an ogre
  2005 | D:4      | Killed an ogre
  2005 | D:4      | Reached XP level 5. HP: 13/50 MP: 4/4
  2134 | D:4      | Noticed Sigmund
  2150 | D:4      | Killed Sigmund
  2150 | D:4      | Reached skill level 7 in Unarmed Combat
  2150 | D:4      | Reached XP level 6. HP: 43/59 MP: 5/5
  2223 | D:4      | Noticed Grinder
  2227 | D:4      | Noticed Edmund
  2233 | D:4      | Killed Grinder
  2233 | D:4      | Reached skill level 8 in Unarmed Combat
  2233 | D:4      | Reached XP level 7. HP: 34/66 MP: 6/6
  2239 | D:4      | Killed Edmund
  2239 | D:4      | Reached skill level 9 in Unarmed Combat
  2294 | D:4      | Noticed an ogre
  2299 | D:4      | Killed an ogre
  2319 | D:4      | Found a sacrificial altar of Ru.
  2905 | D:5      | Entered Level 5 of the Dungeon
  2938 | D:5      | Reached skill level 10 in Unarmed Combat
  3063 | D:5      | Found Hekimm's Antique Weapon Boutique.
  3086 | D:5      | Acquired Cheibriados's second power
  3086 | D:5      | Reached XP level 8. HP: 74/74 MP: 7/7
  3235 | D:5      | Got an ichor-stained robe
  3246 | D:5      | Identified the +1 robe of Pukhlav {rF++ rN+ Regen+ Dex-2} (You found it on level 5 of the Dungeon)
  3438 | D:5      | Found a stormy altar of Qazlal.
  3438 | D:5      | Found a shadowy altar of Dithmenos.
  3605 | D:5      | Reached skill level 5 in Dodging
  3737 | D:5      | Found a staircase to the Ecumenical Temple.
  3977 | D:6      | Acquired Cheibriados's third power
  4436 | D:6      | Reached XP level 9. HP: 80/80 MP: 8/8
  4757 | D:7      | Found a burning altar of Makhleb.
  4913 | D:7      | Found Besu's Armour Shoppe.
  4971 | D:7      | Acquired Cheibriados's fourth power
  5000 | D:7      | Bought a +0 shield for 58 gold pieces
  5041 | D:7      | Found a glowing golden altar of the Shining One.
  5122 | D:7      | Found an ancient bone altar of Kikubaaqudgha.
  5243 | D:7      | Reached skill level 1 in Shields
  5657 | D:8      | Found a staircase to the Lair.
  5921 | D:8      | Reached skill level 5 in Shields
  6347 | Lair:1   | Entered Level 1 of the Lair of Beasts
  6357 | Lair:1   | Reached XP level 10. HP: 87/87 MP: 9/9
  6692 | Lair:1   | Noticed a komodo dragon
  6718 | Lair:1   | Killed a komodo dragon
  7139 | Lair:2   | Noticed a five-headed hydra
  7145 | Lair:2   | Slain by a five-headed hydra

Vault maps used:
D:1:      dpeg_arrival_fog, serial_glass, glass_columns_b, glass_columns_c,
          minmay_splitting_lines, st_stairs_12, supply_closet_lemuel
D:2:      nicolae_overflow_hidden_temple, minmay_gold_behind_fungi
D:3:      minmay_item_behind_shaft, minmay_misc_feat_chi, corner_web_ring,
          minmay_misc_feat_enclosed
D:4:      old_standard_altar, first_bread, glass_columns_a, uniq_grinder,
          uniq_sigmund, uniq_edmund
D:5:      gammafunk_temple_overflow_statue, minmay_temple_entry_poolview,
          serial_shops, nicolae_shop_overgrown_old_shop
D:6:      nicolae_whirlpool, kennysheep_generic_room_13
D:7:      old_standard_altar, kiku_gazebo_pond_becter,
          nicolae_tso_carved_into_rock, serial_shops, shop_statue
D:8:      due_lair_maze_entry_diamond, grunt_livestock, kennysheep_small_square
Lair:2:   minivault_19

Action                   |  1- 3 |  4- 6 |  7- 9 | 10-12 || total
-------------------------+-------+-------+-------+-------++-------
Melee: Unarmed           |   106 |    43 |   300 |   106 ||   555
Invok: Slouch            |       |       |       |     2 ||     2
Evoke: Wand              |       |       |       |     3 ||     3
  Use: Scroll            |       |     6 |     6 |     3 ||    15
       Potion            |       |       |       |     2 ||     2
 Stab: Sleeping          |     3 |       |    10 |     2 ||    15
       Distracted        |       |       |     1 |       ||     1
  Eat: Chunk             |    14 |     6 |    30 |     5 ||    55
